 Dungeon Crawl Stone Soup version 0.30-a0-371-gad7725a93e (webtiles) character file.

Game seed: 8945297692868793394

3402 zishaf the Trooper (level 10, -1/76 HPs)
             Began as a Djinni Venom Mage on Nov 22, 2022.
             Shot with a sling bullet by Joseph (6 damage)
             ... while paralysed by Joseph
             ... on level 8 of the Dungeon.
             The game lasted 00:16:40 (8859 turns).

zishaf the Trooper (Djinni Venom Mage)              Turns: 8859, Time: 00:16:41

Health: -1/76      AC: 11    Str:  7    XL:     10   Next: 24%
Gold:   334        EV:  2    Int: 21    God:
                   SH:  0    Dex: 14

rFire   + + +      SeeInvis .    a - +4 broad axe (vorpal)
rCold   x . .      Faith    .    C - +1 kite shield
rNeg    . . .      Spirit   .    B - +4 ring mail
rPois   ∞          Reflect  .    c - +0 helmet
rElec   .          Harm     .    (no cloak)
rCorr   .          Rampage  .    m - +0 pair of gloves
Will    +....                    (boots unavailable)
Stlth   +.........               (no amulet)
HPRegen 0.32/turn                f - ring of protection from fire
MPRegen 0.00/turn                (no ring)

@: paralysed, flying
A: sickness immunity, fire resistance 2, cold vulnerability 1, float, innate
caster, HP casting, extra vitality 1
a: no special abilities


You were on level 8 of the Dungeon.
You visited 2 branches of the dungeon, and saw 9 of its levels.
You also visited: Sewer.

You collected 334 gold pieces.

Inventory:

Hand Weapons
 a - a +4 vorpal broad axe (weapon)
 g - a +2 vorpal war axe
 r - a +2 short sword of venom
Missiles
 k - 7 boomerangs
Armour
 c - a +0 helmet (worn)
 m - a +0 pair of gloves (worn)
 n - a +0 robe
 t - the +0 ring mail of Bijymnaov {Contam rF+ Dex+4}
   (You found it on level 3 of the Dungeon)

   Dex:       It affects your dexterity (+4).
   rF:        It protects you from fire.
   Contam:    It causes magical contamination when unequipped.
 u - a +0 troll leather armour {Pargi}
 B - a +4 ring mail (worn)
 C - a +1 kite shield (worn)
 G - the +8 chain mail "Dasa" {rElec rCorr}
   (You found it on level 8 of the Dungeon)

   rElec:     It insulates you from electricity.
   rCorr:     It protects you from acid and corrosion.
Jewellery
 f - a ring of protection from fire (left hand)
 p - a ring of fire
 q - a ring of fire
Wands
 v - a wand of polymorph (1)
 A - a wand of acid (6)
 E - a wand of paralysis (6)
 F - a wand of iceblast (10)
Scrolls
 h - a scroll of magic mapping
 j - 3 scrolls of teleportation
 s - a scroll of fear
 y - a scroll of butterflies
Potions
 b - 3 potions of heal wounds
 d - 2 potions of curing
 e - a potion of might
 i - 2 potions of berserk rage
 l - 5 potions of haste
 o - a potion of lignification
 w - 2 potions of invisibility
 x - a potion of mutation
 z - a potion of cancellation
 D - a potion of resistance {unknown}


   Skills:
 + Level 7.9 Fighting
 + Level 3.6 Axes
 - Level 2.1 Dodging
 - Level 1.5 Stealth
 + Level 6.3 Shields
 + Level 6.6 Spellcasting
 + Level 1.1 Evocations


You had 3 spell levels left.
You knew the following spells:

 Your Spells              Type           Power      Damage    Failure   Level
a - Sting                 Tmut/Pois      100%       1d8       6%          1
b - Poisonous Vapours     Pois/Air       68%        N/A       9%          2
c - Stone Arrow           Conj/Erth      68%        3d11      17%         3
d - Ensorcelled Hibernat  Hex/Ice        68%        N/A       9%          2
e - Teleport Other        Tloc           34%        N/A       17%         3
g - Apportation           Tloc           68%        N/A       6%          1
z - Mephitic Cloud        Conj/Pois/Air  34%        N/A       17%         3
A - Olgreb's Toxic Radia  Pois           34%        N/A       50%         4
Your spell library was empty.

Dungeon Overview and Level Annotations

Branches:
Dungeon (8/15)             Temple (1/1) D:7           Sewer (visited)
   Lair: D:8-11

Altars:
Dithmenos
Elyvilon
Fedhas
Gozag
Hepliaklqana
Nemelex Xobeh
Okawaru
Qazlal
Trog
Uskayaw
Xom
Yredelemnul
The Shining One

Shops:
D:3 (

Annotations:
D:3 3 runed translucent doors, olddryhag's ghost, amateur DrFi
D:8 Joseph


Innate Abilities, Weirdness & Mutations

You are immune to sickness and miasma.
You are immune to poison.
Your flesh is very heat resistant. (rF++)
You are vulnerable to cold. (rC-)
You float through the air rather than walking.
You learn spells naturally, not from books.
Your magical power is your life essence.
You have superior vitality. (+4 MHP)


Message History

The stone arrow hits Joseph!
Joseph is moderately wounded.
Joseph shoots a sling bullet.
The sling bullet hits you. The sling bullet freezes you.
Casting: Stone Arrow (dangerous; 17% risk of failure)
Confirm with . or Enter, or press ? or * to list all spells.
Aiming: Stone Arrow (dangerous; 17% risk of failure)
Press: ? - help, Shift-Dir - straight line, f/p - Joseph
Aim: Joseph, wielding a +2 sling of freezing, wearing a +0 ring mail of poison resistance and carrying a wand of paralysis (5) (moderately wounded, 77% to hit)
The stone arrow misses Joseph.
Joseph shoots a sling bullet.
The sling bullet hits you. The sling bullet freezes you.
Casting: Stone Arrow (dangerous; 17% risk of failure)
Confirm with . or Enter, or press ? or * to list all spells.
Aiming: Stone Arrow (dangerous; 17% risk of failure)
Press: ? - help, Shift-Dir - straight line, f/p - Joseph
Aim: Joseph, wielding a +2 sling of freezing, wearing a +0 ring mail of poison resistance and carrying a wand of paralysis (5) (moderately wounded, 77% to hit)
The stone arrow hits Joseph!
Joseph is heavily wounded.
Joseph shoots a sling bullet.
The sling bullet hits you!
* * * LOW HITPOINT WARNING * * *
The sling bullet freezes you.
* * * LOW HITPOINT WARNING * * *
Casting: Stone Arrow (dangerous; 17% risk of failure)
Confirm with . or Enter, or press ? or * to list all spells.
Aiming: Stone Arrow (dangerous; 17% risk of failure)
Press: ? - help, Shift-Dir - straight line, f/p - Joseph
Aim: Joseph, wielding a +2 sling of freezing, wearing a +0 ring mail of poison resistance and carrying a wand of paralysis (5) (heavily wounded, 77% to hit)
The stone arrow hits Joseph!
Joseph is heavily wounded.
* * * LOW HITPOINT WARNING * * *
Joseph zaps a wand.
You suddenly lose the ability to move!
Joseph zaps a wand.
You easily resist.
Joseph shoots a sling bullet.
The sling bullet hits you.
* * * LOW HITPOINT WARNING * * *
The sling bullet freezes you.
* * * LOW HITPOINT WARNING * * *
Joseph shoots a sling bullet.
The sling bullet hits you!
* * * LOW HITPOINT WARNING * * *
The sling bullet freezes you.
You die...

#........#...## #..
#........#....# #..
#........'....# #..
#....††.##....# #..
######'###...########'
#.......##...#........
#............+........
#............#........
#####@####...#........
#.@.....###'##........
#.......#.....########
#.......#.....#
#.......#.....#
#.......#.....#
#########.....#
#######


You could see Joseph.

Vanquished Creatures
  An unseen horror (D:7)
  2 swamp worms (D:7)
  A water moccasin (D:7)
  Pargi (Sewer)
  An orc warrior (D:6)
  3 ice beasts
  3 black bears
  2 ogres
  3 kobold brigands
  4 bullfrogs
  2 gnoll sergeants
  A necrophage (D:5)
  4 scorpions
  2 howler monkeys
  2 hounds
  A jelly (D:8)
  3 orc priests
  Natasha (thrice) (D:4)
  Ijyb (D:3)
  4 iguanas (D:5)
  3 orc wizards
  11 adders
  16 gnolls
  A white imp (D:7)
  An ufetubus (D:5)
  5 worms
  A dart slug (D:1)
  16 orcs
  8 ball pythons
  7 endoplasms
  5 giant cockroaches
  8 goblins
  12 hobgoblins
  5 quokkas
  5 bats
  8 frilled lizards
  19 kobolds
  6 rats
181 creatures vanquished.

Vanquished Creatures (collateral kills)
  A bullfrog (D:4)
  A ball python (D:4)
  A goblin (D:4)
3 creatures vanquished.

Vanquished Creatures (others)
  3 plants (D:7)
3 creatures vanquished.

Grand Total: 187 creatures vanquished

Notes
Turn   | Place    | Note
-------+----------+-------------------------------------------
     0 | D:1      | zishaf the Djinni Venom Mage began the quest for the Orb.
     0 | D:1      | zishaf set off with the following spells memorised: Sting,
                  | Poisonous Vapours, Mephitic Cloud, Olgreb's Toxic Radiance.
     0 | D:1      | Reached XP level 1. HP: 15/15 MP: 0/0
   114 | D:1      | Reached skill level 1 in Fighting
   114 | D:1      | Reached XP level 2. HP: 6/22 MP: 0/0
   304 | D:1      | Reached XP level 3. HP: 26/27 MP: 0/0
   304 | D:1      | Learned a level 1 spell: Apportation
   965 | D:2      | Reached skill level 2 in Fighting
  1028 | D:2      | Reached XP level 4. HP: 11/33 MP: 0/0
  1614 | D:2      | Found a hazy altar of Hepliaklqana.
  1786 | D:2      | Reached XP level 5. HP: 37/40 MP: 0/0
  1786 | D:2      | Learned a level 2 spell: Ensorcelled Hibernation
  2011 | D:3      | Found Zenkasiw's Weapon Emporium.
  2099 | D:3      | Reached skill level 3 in Fighting
  2207 | D:3      | Identified the +0 ring mail of Bijymnaov {Contam rF+ Dex+4}
  2209 | D:3      | Noticed a kobold brigand
  2296 | D:3      | Noticed olddryhag's ghost (amateur DrFi)
  2433 | D:3      | Found a glowing drain.
  2437 | Sewer    | Entered a sewer
  2497 | Sewer    | Reached XP level 6. HP: 41/46 MP: 0/0
  2547 | Sewer    | Noticed Pargi
  2607 | Sewer    | Killed Pargi
  2608 | Sewer    | Reached skill level 4 in Fighting
  2883 | D:3      | Noticed Ijyb
  2896 | D:3      | Killed Ijyb
  2968 | D:3      | Found a runed translucent gate.
  2969 | D:3      | Found a runed translucent gate.
  2971 | D:3      | Found a runed translucent gate.
  3129 | D:3      | Reached skill level 1 in Shields
  3129 | D:3      | Reached XP level 7. HP: 47/53 MP: 0/0
  3129 | D:3      | Learned a level 3 spell: Stone Arrow
  3762 | D:4      | Noticed Natasha
  3770 | D:4      | Killed Natasha
  3930 | D:4      | Noticed Natasha
  3942 | D:4      | Killed Natasha
  3953 | D:4      | Noticed Natasha
  3962 | D:4      | Killed Natasha
  3963 | D:4      | Reached skill level 5 in Fighting
  4665 | D:5      | Entered Level 5 of the Dungeon
  4771 | D:5      | Reached XP level 8. HP: 42/59 MP: 0/0
  4899 | D:5      | Found a sparkling altar of Nemelex Xobeh.
  5013 | D:5      | Reached skill level 5 in Spellcasting
  5458 | D:5      | Reached skill level 6 in Fighting
  6080 | D:6      | Reached XP level 9. HP: 59/67 MP: 0/0
  6080 | D:6      | Learned a level 3 spell: Teleport Other
  6224 | D:6      | Reached skill level 1 in Axes
  6706 | D:6      | Reached skill level 5 in Shields
  6856 | D:6      | Reached skill level 7 in Fighting
  7277 | D:7      | Found a staircase to the Ecumenical Temple.
  7297 | Temple   | Entered the Ecumenical Temple
  7491 | D:7      | Killed an unseen horror
  7751 | D:7      | Found a shadowy altar of Dithmenos.
  7787 | D:7      | Reached XP level 10. HP: 35/75 MP: 0/0
  8622 | D:8      | Identified the +8 chain mail "Dasa" {rElec rCorr}
  8780 | D:8      | Reached skill level 1 in Evocations
  8851 | D:8      | Noticed Joseph
  8855 | D:8      | Paralysed by Joseph for 5 turns
  8859 | D:8      | Shot with a sling bullet by Joseph

Illustrated notes

Levels and vault maps discovered:
D:1:      psy_arrival_whirlpool, layout_basic, minmay_shallow_snake_nest
D:2:      layout_loops_ring, basic_altar
D:3:      cheibrodos_thug_alley, layout_loops_ring, gammafunk_ghost_icy,
          gup_sewer_entry_spiral, serial_shops, nicolae_diamond_shop, uniq_ijyb
D:4:      layout_basic, fountainhead, minmay_misc_feat_cross,
          kennysheep_generic_room_14, uniq_natasha
D:5:      layout_loops_cross, nicolae_sif_muna_condensation,
          mainiacjoe_overflow_tiny_flanked
D:6:      layout_basic
D:7:      layout_basic, kennysheep_mini_moat, minmay_temple_entry_slanted,
          worms_lemuel
D:8:      layout_gridville, gammafunk_temple_overflow_elements, uniq_joseph
Temple:   dshaligram_water_room_temple

Skill      XL: |  1  2  3  4  5  6  7  8  9 10 |
---------------+-------------------------------+-----
Fighting       | 1 2 3 4 5 6 7 |  7.9
Spellcasting   | 3 4 5 6 |  6.6
Shields        | 1 2 4 5 6 |  6.3
Axes           | 3 |  3.6
Evocations     | 1 |  1.1
Dodging        | |  2.1
Stealth        | |  1.5

Action                   |  1- 3 |  4- 6 |  7- 9 | 10-12 || total
-------------------------+-------+-------+-------+-------++-------
Melee: Short sword       |     4 |   103 |    90 |       ||   197
       Punch             |       |     1 |     7 |       ||     8
       Broad axe         |       |       |    67 |    40 ||   107
 Cast: Sting             |    45 |    25 |       |       ||    70
       Poisonous Vapours |     8 |    50 |   102 |     5 ||   165
       Ensorcelled Hiber |       |     3 |       |       ||     3
       Mephitic Cloud    |       |     2 |     6 |     2 ||    10
       Stone Arrow       |       |       |    10 |     4 ||    14
       Olgreb's Toxic Ra |       |       |     5 |       ||     5
  Use: Scroll            |       |       |    23 |     3 ||    26
       Potion            |       |       |     1 |       ||     1
 Stab: Sleeping          |       |     7 |       |       ||     7
       Confused          |       |     3 |     1 |     1 ||     5
Armor: Robe              |     4 |    13 |       |       ||    17
       Ring mail         |       |    10 |   108 |    24 ||   142
       Troll leather arm |       |     2 |       |       ||     2
Dodge: Dodged            |    19 |    52 |    83 |    13 ||   167
Block: Kite shield       |       |     2 |       |    34 ||    36

Table legend: (Time is in decaauts)
 A = Elapsed time spent in this place.
 B = Non-inter-level travel time spent in this place.
 C = Inter-level travel time spent in this place.
 D = Time resting spent in this place.
 E = Time spent auto-exploring this place.
 F = Levels seen in this place.
 G = Mean time per level.
                   A        B        C        D        E       F      G
               +--------+--------+--------+--------+--------+-----+--------+
         Total |   8931 |   8762 |    169 |    637 |   6240 |  10 |  893.1 |
       Dungeon |   8459 |   8315 |    144 |    637 |   5949 |   8 | 1057.4 |
        Temple |     94 |     69 |     25 |      0 |     60 |   1 |   94.0 |
         Sewer |    377 |    377 |      0 |      0 |    231 |   1 |  377.0 |
               +--------+--------+--------+--------+--------+-----+--------+

Top non-repeatable levels by time:
     D:6: 1573 daAuts
     D:7: 1289 daAuts
     D:3: 1187 daAuts
     D:4: 1108 daAuts
     D:2: 1088 daAuts
     D:5: 947 daAuts
     D:1: 919 daAuts
   Sewer: 377 daAuts
     D:8: 345 daAuts
  Temple: 94 daAuts
